 Dungeon Crawl Stone Soup version 0.31.0-9-g3a7656b989 (webtiles) character file.

Game seed: 15062725253702249481

743 qw the Skirmisher (level 7, -13/40 HPs)
             Began as a Deep Elf Hunter on Feb 2, 2024.
             Mangled by Prince Ribbit (14 damage)
             ... on level 5 of the Dungeon.
             The game lasted 00:00:22 (4083 turns).

qw the Skirmisher (Deep Elf Hunter)                 Turns: 4083, Time: 00:00:22

Health: -13/40     AC:  9    Str: 16    XL:     7   Next: 47%
Magic:  0/9        EV: 13    Int: 14    God:
Gold:   201        SH:  0    Dex: 18    Spells: 6/6 levels left

rFire   . . .        a - +0 shortbow
rCold   . . .        (shield currently unavailable)
rNeg    . . .        f - +0 ring mail
rPois   .            (no helmet)
rElec   .            b - +0 cloak
rCorr   .            (no gloves)
SInv    .            i - +2 pair of boots
Will    .....        g - amulet of guardian spirit
Stlth   +            j - +6 ring of strength
HPRegen 0.26/turn    (no ring)
MPRegen 0.11/turn

%: guardian spirit
@: lethally poisoned (-13 -> -14)
A: no striking features
a: no special abilities


You were on level 5 of the Dungeon.
You visited 1 branch of the dungeon, and saw 5 of its levels.

You collected 201 gold pieces.


   Skills:
 - Level 2.3 Fighting
 + Level 10.7 Ranged Weapons
 - Level 1.1 Armour
 - Level 4.4 Dodging
 - Level 1.2 Stealth


You had 6 spell levels left.
You didn't know any spells.
Your spell library was empty.

Inventory:

Hand Weapons
 a - a +0 shortbow (weapon)
Armour
 b - a +0 cloak (worn)
 f - a +0 ring mail (worn)
 i - a +2 pair of boots (worn)
 l - a +0 pair of gloves
Jewellery
 g - an amulet of guardian spirit (around neck)
 j - a +6 ring of strength (left hand)
Wands
 k - a wand of charming (9)
Scrolls
 e - a scroll of poison {unknown}
Potions
 c - a potion of might
 d - 2 potions of enlightenment
 h - a potion of mutation {unknown}

Dungeon Overview and Level Annotations

Branches:
Dungeon (5/15)
 Temple: D:4-7

Altars:
Fedhas
Gozag
Kikubaaqudgha
Qazlal
Trog
Xom

Annotations:
D:2 1 runed translucent door, Crazy Yiuf
D:3 2 transporters, qw's ghost, amateur DEHu
D:5 Prince Ribbit


Message History

The adder bites you but does no damage.
Prince Ribbit blinks!
The scorpion barely misses you.
You shoot an arrow.
The arrow hits the scorpion but does no damage.
The scorpion is heavily wounded.
The adder barely misses you.
Prince Ribbit croaks regally.
Prince Ribbit blinks!
The scorpion stings you. The adder closely misses you.
You shoot an arrow.
The arrow hits the scorpion but does no damage.
The scorpion is heavily wounded.
Prince Ribbit blinks!
The scorpion stings you. The adder bites you but does no damage.
You shoot an arrow.
The arrow hits the scorpion but does no damage.
The scorpion is heavily wounded.
The scorpion stings you.
You are poisoned.
The scorpion poisons you! The adder misses you. The scorpion barely misses you.
You shoot an arrow. The arrow barely misses the scorpion.
You feel sick. The adder barely misses you. The scorpion misses you.
The adder bites you but does no damage.
You shoot an arrow. The arrow barely misses the scorpion.
You feel sick. Prince Ribbit barely misses you. The scorpion barely misses you.
The adder misses you.
You shoot an arrow. The arrow barely misses the scorpion.
You feel sick. Prince Ribbit hits you! The adder barely misses you.
The scorpion stings you but does no damage.
You shoot an arrow. The arrow hits the scorpion.
The scorpion is almost dead.
You feel sick.
Prince Ribbit hits you but does no damage.
The adder bites you but does no damage. The scorpion stings you.
You shoot an arrow.
The arrow hits the scorpion but does no damage.
The scorpion is almost dead.
You feel sick.
Prince Ribbit hits you but does no damage.
The adder bites you. The scorpion stings you. Prince Ribbit hits you!
You die...

#...:.....
#.........
#.........
#.........
#......<..
#.........
#sSF......
#.@.......
#.........
#.....[...
#..........
#..........
#..........
#..........
#..........
#..........


You could see Prince Ribbit, a scorpion and an adder.

Vanquished Creatures
  A water moccasin (D:5)
  An ice beast (D:5)
  Blork the orc (D:5)
  A scorpion (D:4)
  3 orc priests
  A bombardier beetle (D:4)
  2 hounds (D:5)
  2 iguanas (D:5)
  3 gnolls (D:5)
  3 adders
  A white imp (D:5)
  3 dart slugs
  5 ribbon worms
  15 orcs
  12 ball pythons
  6 bats
  4 endoplasms (D:2)
  4 giant cockroaches
  A hobgoblin (D:1)
  4 jackals (D:1)
  4 quokkas
  6 frilled lizards
  10 goblins
  6 kobolds
  7 rats
106 creatures vanquished.

Notes
Turn   | Place    | Note
-------+----------+-------------------------------------------
     0 | D:1      | qw the Deep Elf Hunter began the quest for the Orb.
     0 | D:1      | Reached XP level 1. HP: 12/12 MP: 3/3
     0 | D:1      | 0 ||| qw: Version: 0.3-a-155-g5e7d8dd
     0 | D:1      | 0 ||| qw: Game counter: 1497
     0 | D:1      | 0 ||| qw: Melee chars always use a shield: true
     0 | D:1      | 0 ||| qw: God list: Okawaru
     0 | D:1      | 0 ||| qw: Allow faded altars: false
     0 | D:1      | 0 ||| qw: Do Orc after clearing Dungeon:15 true
     0 | D:1      | 0 ||| qw: Do second Lair branch before Depths: true
     0 | D:1      | 0 ||| qw: Lair rune preference: random
     0 | D:1      | 0 ||| qw: Goals: Normal
     0 | D:1      | 0 ||| PLANNING D:1-11
   166 | D:1      | Reached skill level 6 in Ranged Weapons
   166 | D:1      | Reached XP level 2. HP: 16/16 MP: 4/4
   748 | D:1      | Reached XP level 3. HP: 16/20 MP: 5/5
   905 | D:1      | 905 ||| UPGRADING to +0 scale mail.
   915 | D:1      | 915 ||| DROPPING +0 leather armour.
   916 | D:1      | 916 ||| UPGRADING to amulet of guardian spirit.
   921 | D:1      | 921 ||| DROPPING +6 ring of intelligence.
   922 | D:1      | 922 ||| READING scroll labelled TADOVI LEOHIS.
   922 | D:1      | 922 ||| IDENTIFYING pink potion
   923 | D:1      | 923 ||| READING scroll labelled XETTYU LAOKH.
   924 | D:1      | 924 ||| DROPPING scroll of butterflies.
  1050 | D:2      | Reached skill level 7 in Ranged Weapons
  1922 | D:2      | Found a runed translucent door.
  1923 | D:2      | Noticed Crazy Yiuf
  1926 | D:2      | 1926 ||| UPGRADING to +2 pair of boots.
  1931 | D:2      | 1931 ||| READING 3 scrolls of identify.
  1931 | D:2      | 1931 ||| IDENTIFYING brown potion
  1932 | D:2      | 1932 ||| READING 2 scrolls of identify.
  1932 | D:2      | 1932 ||| IDENTIFYING scroll labelled VOM HUH PUSUMU
  1933 | D:2      | 1933 ||| READING scroll of identify.
  1933 | D:2      | 1933 ||| IDENTIFYING 2 scrolls labelled SUXOTA QOCS
  1934 | D:2      | 1934 ||| DROPPING scroll of blinking.
  1935 | D:2      | 1935 ||| DROPPING 2 scrolls of fog.
  1936 | D:2      | 1936 ||| DROPPING potion of ambrosia.
  1979 | D:3      | Found a transporter.
  2017 | D:3      | Reached XP level 4. HP: 25/25 MP: 6/6
  2071 | D:3      | Found a shimmering altar of Xom.
  2134 | D:3      | Reached skill level 8 in Ranged Weapons
  2258 | D:3      | Found a transporter.
  2273 | D:3      | Noticed qw's ghost (amateur DEHu)
  2343 | D:3      | Found an opulent altar of Gozag.
  2366 | D:3      | Reached XP level 5. HP: 20/29 MP: 4/7
  2558 | D:3      | 2558 ||| UPGRADING to +0 cloak.
  2563 | D:3      | 2563 ||| UPGRADING to +6 ring of strength.
  2564 | D:3      | 2564 ||| READING scroll of identify.
  2564 | D:3      | 2564 ||| IDENTIFYING bubbling ruby potion
  2565 | D:3      | 2565 ||| READING scroll labelled LARAUTORIMP.
  2579 | D:4      | 2579 ||| STAIRDANCE
  2595 | D:4      | 2595 ||| STAIRDANCE
  2615 | D:4      | 2615 ||| STAIRDANCE
  2618 | D:3      | Reached skill level 1 in Armour
  2667 | D:4      | Reached skill level 9 in Ranged Weapons
  2729 | D:4      | Reached XP level 6. HP: 20/36 MP: 5/8
  3181 | D:4      | Found a stormy altar of Qazlal.
  3182 | D:4      | Found a bloodstained altar of Trog.
  3182 | D:4      | Found a blossoming altar of Fedhas.
  3186 | D:4      | Found an ancient bone altar of Kikubaaqudgha.
  3442 | D:4      | 3442 ||| UPGRADING to +0 ring mail.
  3452 | D:4      | 3452 ||| DROPPING +0 scale mail.
  3469 | D:5      | Entered Level 5 of the Dungeon
  3542 | D:5      | Noticed a water moccasin
  3553 | D:5      | Killed a water moccasin
  3713 | D:5      | Noticed Blork the orc
  3714 | D:5      | Noticed an ice beast
  3736 | D:5      | Killed an ice beast
  3737 | D:5      | Reached skill level 10 in Ranged Weapons
  3737 | D:5      | Reached XP level 7. HP: 25/40 MP: 5/9
  3748 | D:5      | HP: 4/40 [iguana (8)]
  3880 | D:5      | 3880 ||| FLEEEEING.
  3881 | D:5      | 3881 ||| FLEEEEING.
  3882 | D:5      | 3882 ||| FLEEEEING.
  3916 | D:5      | HP: 8/40 [Blork the orc/+0 long sword (8)]
  3917 | D:5      | Killed Blork the orc
  4051 | D:5      | Noticed Prince Ribbit
  4081 | D:5      | HP: 9/40 [Prince Ribbit (7)]
  4083 | D:5      | HP: 4/40 [poisoned by a scorpion]
  4083 | D:5      | HP: 1/40 [scorpion (1)]
  4083 | D:5      | Mangled by Prince Ribbit

Levels and vault maps discovered:
D:1:      ncdulo_wetmaze, layout_basic, st_stairs_12, minmay_stone_trees_large,
          minmay_box_of_dots
D:2:      layout_loops_corners, minmay_nonomino_d4, uniq_crazy_yiuf_cottage
D:3:      layout_basic, grunt_gozag_statues, overflow_temple_1_default,
          gammafunk_ghost_gnarly_gnolls
D:4:      layout_rooms, chequers_temple_overflow_statue_of_worship,
          chequers_serial_rivers_large_a, palyth_stone_intersect,
          dreamdust_princess_bridge, roderic_roman_lattice, saegor_snake_ambush
D:5:      layout_gridville, kennysheep_okawaru_gauntlet, uniq_prince_ribbit1,
          uniq_blork_the_orc

Skill      XL: |  1  2  3  4  5  6 |
---------------+-------------------+-----
Ranged Weapons | 6 7 8 9 10 | 10.7
Armour         | 1 |  1.1
Fighting       | 2 |  2.3
Dodging        | 4 |  4.4
Stealth        | |  1.2

Action                     |  1- 3 |  4- 6 |  7- 9 || total
---------------------------+-------+-------+-------++-------
   Fire: Shortbow          |   140 |   207 |    81 ||   428
    Use: Scroll            |     5 |     2 |       ||     7
 Armour: Leather armour    |    13 |       |       ||    13
         Scale mail        |    26 |    59 |       ||    85
         Ring mail         |       |    20 |    54 ||    74
  Dodge: Dodged            |    47 |    78 |    47 ||   172

Table legend:
 A = Non-vault XP
 B = Vault XP
 C = Vault XP percentage of total XP
 D = Non-vault monster count
 E = Vault monster count
 F = Vault count percentage of total count
                 A         B        C        D         E       F
            +---------+---------+-------+---------+---------+-------
      Total |     939 |     123 |  11.6 |      93 |      13 |  12.3
            +---------+---------+-------+---------+---------+-------
        D:1 |      44 |       8 |  15.4 |      26 |       5 |  16.1
        D:2 |      33 |       6 |  15.4 |      16 |       5 |  23.8
        D:3 |     155 |       0 |   0.0 |      23 |       0 |   0.0
        D:4 |     196 |      15 |   7.1 |      14 |       2 |  12.5
        D:5 |     511 |      94 |  15.5 |      14 |       1 |   6.7
            +---------+---------+-------+---------+---------+-------
